 Dungeon Crawl Stone Soup version 0.31-a0-971-g75a2e9a4b4 (webtiles) character file.

Game seed: 15716856814159683276

303 Gladio the Cudgeller (level 6, 0/48 HPs)
             Began as a Human Fighter on Oct 28, 2023.
             Slain by an ogre
             ... wielding a +0 giant club
              (17 damage)
             ... on level 3 of the Dungeon.
             The game lasted 00:04:03 (2641 turns).

Gladio the Cudgeller (Human Fighter)                Turns: 2641, Time: 00:04:04

Health: 0/48       AC: 13    Str: 18    XL:     6   Next: 66%
Magic:  6/6        EV:  8    Int:  9    God:
Gold:   151        SH:  5    Dex: 12    Spells: 5/5 levels left

rFire   . . .        a - +0 flail
rCold   . . .        c - +0 buckler
rNeg    + + .        e - +0 pearl dragon scales
rPois   .            l - +0 hat {Stlth+}
rElec   .            (no cloak)
rCorr   .            (no gloves)
SInv    .            f - +0 pair of boots
Will    .....        (no amulet)
Stlth   +            j - ring of positive energy
HPRegen 0.28/turn    (no ring)
MPRegen 0.10/turn

%: no passive effects
@: no status effects
A: no striking features
a: no special abilities


You were on level 3 of the Dungeon.
You visited 1 branch of the dungeon, and saw 3 of its levels.

You collected 151 gold pieces.

Inventory:

Hand Weapons
 a - a +0 flail (weapon)
Missiles
 q - 3 boomerangs
Armour
 b - a +0 scale mail
 c - a +0 buckler (worn)
 e - +0 pearl dragon scales (worn)
 f - a +0 pair of boots (worn)
 l - a +0 hat of stealth (worn)
Jewellery
 j - a ring of positive energy (left hand)
 m - an amulet of guardian spirit
 r - a ring of ice
Wands
 d - a wand of charming (1)
Scrolls
 g - a scroll of fear {unknown}
 h - 2 scrolls of enchant weapon {unknown}
 i - a scroll of identify {unknown}
 k - a scroll of blinking {unknown}
 o - 2 scrolls of noise {unknown}
 p - a scroll of immolation {unknown}
 s - a scroll of torment {unknown}
Potions
 n - a potion of berserk rage {unknown}
 t - 2 potions of curing {unknown}


   Skills:
 + Level 4.1 Fighting
 * Level 4.3 Maces & Flails
 + Level 4.0 Armour
 + Level 4.0 Shields


You had 5 spell levels left.
You didn't know any spells.
Your spell library was empty.

Dungeon Overview and Level Annotations

Branches:
Dungeon (3/15)

Altars:
Cheibriados
Ru
Trog


Message History

Key pressed, stopping explore.
There is a stone staircase leading down here.
Natasha, Servant of Life and Death comes into view.
Natasha mewls in sadness.
Natasha is nearby!
An ogre comes into view. It is wielding a +0 giant club.
The ogre shouts!
There is an open door here.
Okay, then.
Aiming: Charm
Press: ? - help, Q - select action, (/) - cycle Shift-Dir - straight line
Okay, then.
Natasha stares at you and mumbles some strange words.
The magic dart hits you. Natasha barely misses you. You block Natasha's attack.
Aiming: Charm
Press: ? - help, Q - select action, (/) - cycle Shift-Dir - straight line, f - Natasha
Aim: Natasha (chance to affect: 49%) Natasha is charmed.
The ogre barely misses Natasha.
Unknown command.
The ogre hits Natasha with a +0 giant club!!
Natasha dies!
Unknown command.
You sock the ogre!
The ogre is moderately wounded.
The ogre hits you with a +0 giant club!!
You completely miss the ogre.
The ogre is moderately wounded.
The ogre completely misses you.
You thump the ogre!
The ogre is severely wounded.
The ogre hits you with a +0 giant club!
You closely miss the ogre.
The ogre is severely wounded.
You thump the ogre!
The ogre is almost dead.
The ogre hits you with a +0 giant club!
You die...

#.#.8. #.....# #.#...
#.....# #.##O# #.....# #
######.## ###.....# #
..##...##.. ##....# #
.'.8.'. ######## # #...#
#....### #
####'##########.###..####
#......O@.>.......###..##
###############.### ###..
#.# ##. #.# ###.. #.#
###..## #.###..###
#....### ######


You could see an ogre.

Vanquished Creatures
  A scorpion (D:3)
  Natasha (twice) (D:3)
  8 gnolls
  5 adders
  2 worms (D:3)
  A dart slug (D:2)
  6 orcs (D:3)
  4 ball pythons
  2 bats
  3 endoplasms
  4 giant cockroaches
  6 hobgoblins
  2 kobolds
  2 quokkas
  A frilled lizard (D:1)
  7 goblins
  5 rats
  A spectral hobgoblin (D:3)
62 creatures vanquished.

Vanquished Creatures (others)
  Natasha (D:3)
1 creature vanquished.

Grand Total: 63 creatures vanquished

Notes
Turn   | Place    | Note
-------+----------+-------------------------------------------
     0 | D:1      | Gladio the Human Fighter began the quest for the Orb.
     0 | D:1      | Reached XP level 1. HP: 18/18 MP: 1/1
     6 | D:1      | Noticed a swamp worm
     6 | D:1      | Noticed an anaconda
     7 | D:1      | Noticed a killer bee
     7 | D:1      | Noticed a polar bear
   149 | D:1      | Reached XP level 2. HP: 20/24 MP: 2/2
   851 | D:2      | Reached XP level 3. HP: 29/29 MP: 3/3
   898 | D:2      | Reached XP level 4. HP: 26/35 MP: 4/4
  1671 | D:3      | Reached XP level 5. HP: 30/41 MP: 5/5
  1722 | D:3      | Reached XP level 6. HP: 38/48 MP: 6/6
  1822 | D:3      | Noticed Natasha
  1833 | D:3      | Killed Natasha
  1887 | D:3      | Found a faded altar of an unknown god.
  1952 | D:3      | Found a snail-covered altar of Cheibriados.
  2021 | D:3      | Found a bloodstained altar of Trog.
  2111 | D:3      | Found a sacrificial altar of Ru.
  2379 | D:3      | Noticed Natasha
  2389 | D:3      | Killed Natasha
  2623 | D:3      | Noticed Natasha
  2624 | D:3      | Noticed an ogre
  2635 | D:3      | Your ally Natasha died
  2641 | D:3      | Slain by an ogre

Illustrated notes

Levels and vault maps discovered:
D:1:      onia_arrival_zoo_common, layout_basic
D:2:      layout_basic, small_statue_intersection, minmay_strange_pillars
D:3:      layout_basic, trog_three_pillars_becter,
          mainiacjoe_overflow_small_starburst, lemuel_doored_altar,
          dreamdust_ecumenical_altar_drowned_temple, small_statue_intersection,
          grunt_ministairs_5, grunt_decor_clamped, uniq_natasha

Skill      XL: |  1  2  3  4  5  6 |
---------------+-------------------+-----
Maces & Flails | 3 4 |  4.3
Fighting       | 4 |  4.1
Shields        | 4 |  4.0
Armour         | 4 |  4.0

Action                     |  1- 3 |  4- 6 || total
---------------------------+-------+-------++-------
  Melee: Flail             |    60 |   139 ||   199
  Evoke: Wand              |       |     1 ||     1
    Use: Potion            |       |     1 ||     1
 Armour: Pearl dragon scal |    40 |    96 ||   136
  Dodge: Dodged            |    30 |    52 ||    82
  Block: Buckler           |    15 |    33 ||    48

Table legend: (Time is in decaauts)
 A = Elapsed time spent in this place.
 B = Non-inter-level travel time spent in this place.
 C = Inter-level travel time spent in this place.
 D = Time resting spent in this place.
 E = Time spent auto-exploring this place.
 F = Levels seen in this place.
 G = Mean time per level.
                   A        B        C        D        E       F      G
               +--------+--------+--------+--------+--------+-----+--------+
         Total |   2702 |   2586 |    116 |      0 |   2112 |   3 |  900.7 |
       Dungeon |   2702 |   2586 |    116 |      0 |   2112 |   3 |  900.7 |
               +--------+--------+--------+--------+--------+-----+--------+

Top non-repeatable levels by time:
     D:3: 1010 daAuts
     D:1: 860 daAuts
     D:2: 831 daAuts
